 Dungeon Crawl Stone Soup version 0.29.1-15-g9cfb28693d (webtiles) character file.

Game seed: 5987596998656883684

2 H0rd4k the Charlatan (level 1, 0/13 HPs)
             Began as an Octopode Artificer on Mar 3, 2023.
             Killed from afar by a dart slug (5 damage)
             ... with a slug dart
             ... on level 1 of the Dungeon.
             The game lasted 00:00:09 (239 turns).

H0rd4k the Charlatan (Octopode Artificer)            Turns: 239, Time: 00:00:10

Health: 0/13       AC:  1    Str: 11    XL:     1   Next: 40%
Magic:  1/1        EV: 13    Int: 13    God:
Gold:   0          SH:  0    Dex: 12    Spells: 0/0 levels left

rFire   . . .      SeeInvis .   (no weapon)
rCold   . . .      Faith    .   (no shield)
rNeg    . . .      Spirit   .   (helmet restricted)
rPois   .          Reflect  .   (no amulet)
rElec   .          Harm     .   (no ring)
rCorr   .          Rampage  .   (no ring)
Will    .....                   (no ring)
Stlth   +++.......              (no ring)
HPRegen 0.04/turn               (no ring)
MPRegen 0.07/turn               (no ring)
                                (no ring)
                                (no ring)

@: no status effects
A: almost no armour, amphibious, 8 rings, camouflage 1, gelatinous body 1,
(nimble swimmer 1), tentacles
a: no special abilities


You were on level 1 of the Dungeon.
You visited 1 branch of the dungeon, and saw 1 of its levels.

Inventory:

Wands
 b - a wand of flame (15) (quivered)
 c - a wand of charming (15)
 d - a wand of iceblast (5)


   Skills:
 * Level 1.2 Fighting
 - Level 2.3 Dodging
 - Level 1.3 Stealth
 * Level 0.3 Spellcasting
 - Level 3.2 Evocations


You couldn't memorise any spells.
You didn't know any spells.
Your spell library was empty.

Dungeon Overview and Level Annotations

Branches:
Dungeon (1/15)

Altars:


Innate Abilities, Weirdness & Mutations

You cannot wear most types of armour.
You are amphibious.
You can wear up to eight rings at the same time.
Your skin changes colour to match your surroundings (Stealth+).
Your rubbery body absorbs attacks. (AC +1, EV +1)
((You are camouflaged when in or above water. (Stealth+)))
You have tentacles for arms and can constrict up to eight enemies at once.


Message History

The hobgoblin closely misses you. The hobgoblin attacks as you move away!
The hobgoblin hits you.
You tentacle-slap the hobgoblin but do no damage.
Your grab misses the hobgoblin. You squeeze the hobgoblin.
You kill the hobgoblin!
You are too injured to fight recklessly!
Key pressed, stopping explore.
No target in view!
HP restored.
A dart slug comes into view.
A kobold comes into view. It is wielding a +0 short sword.
The dart slug launches a dart at you. The slug dart hits you.
There are monsters nearby!
The kobold shouts!
The dart slug barely misses you.
There are monsters nearby!
You tentacle-slap the dart slug. You grab the dart slug.
The dart slug is moderately wounded.
You constrict the dart slug.
There are monsters nearby!
There are monsters nearby!
You tentacle-slap the dart slug but do no damage.
You tentacle-slap the dart slug, but do no damage.
The dart slug is heavily wounded.
You constrict the dart slug. The dart slug bites you.
There are monsters nearby!
You are too injured to fight recklessly!
There are monsters nearby!
You are too injured to fight recklessly!
There are monsters nearby!
You are too injured to fight recklessly!
You are too injured to fight recklessly!
There are monsters nearby!
You tentacle-slap the dart slug but do no damage.
The dart slug is heavily wounded.
You constrict the dart slug. The dart slug launches a dart at you.
The slug dart hits you.
You die...

######
###....############ #
#...>.............. #
#.#....####..######
####.#....# #..#
.........##..#..######
##........#.....@wK..#
#........#..#..####.#
#.>......#.##..#
..........#.....#
##.......######.#
..#.....# ...
#..#.###.# ..# ..#.#
.# ..


You could see a dart slug and a kobold.

Vanquished Creatures
  A hobgoblin (D:1)
  A quokka (D:1)
2 creatures vanquished.

Notes
Turn   | Place    | Note
-------+----------+-------------------------------------------
     0 | D:1      | H0rd4k the Octopode Artificer began the quest for the Orb.
     0 | D:1      | Reached XP level 1. HP: 13/13 MP: 1/1
   239 | D:1      | Killed from afar by a dart slug

Illustrated notes

Levels and vault maps discovered:
D:1:      lightli_arrival_windingriver, layout_basic,
          shapermc_ecumenical_altar_acropolis, corexii_corridor_pit

Action                   || total
-------------------------++-------
Melee: Unarmed           ||     8
       Constrict         ||     2
       Tentacles         ||     2
       Punch             ||     1
 Stab: Sleeping          ||     1
Dodge: Dodged            ||     5
